| TOP OF THE 1ST |
|
Mississippi Braves batting - Pitching for San Jose Giants : LHP Jordan Ruiz
|
|
Pitching: LHP Jordan Ruiz
|
|
|
Batting: RHB Hieronim Rutkowski
|
0-0: Ball 1-0: Ball 2-0: Ball 3-0: Base on Balls
|
|
Batting: LHB Sal Fernandez
|
0-0: Fielders Choice at 2nd, 4-6 (Groundball, 4, EV 104.4 MPH)
|
|
Batting: LHB Art D'Ascenzo
|
0-0: Called Strike Sal Fernandez steals 2nd base 0-1: Swinging Strike 0-2: Ball 1-2: Strikes out swinging
|
|
Batting: RHB Jose Ramos
|
0-0: Ball 1-0: Called Strike 1-1: Ball 2-1: Ball 3-1: Foul Ball, location: 2F 3-2: Foul Ball, location: 2F 3-2: SINGLE (Groundball, 13S, EV 62.5 MPH) (infield hit) Sal Fernandez to third
|
|
Batting: RHB Tim Molchan
|
0-0: Called Strike 0-1: Called Strike 0-2: Strikes out swinging
|
| Top of the 1st over - 0 runs, 1 hit, 0 errors, 2 left on base; Mississippi 0 - San Jose 0 |
| BOTTOM OF THE 1ST |
|
San Jose Giants batting - Pitching for Mississippi Braves : RHP Andy Kiefer
|
|
Pitching: RHP Andy Kiefer
|
|
|
Batting: RHB Ryan Roberts
|
0-0: Ball 1-0: Called Strike 1-1: Foul Ball, location: 2F 1-2: Ball 2-2: Foul Ball, location: 2F 2-2: Strikes out looking
|
|
Batting: RHB Frank Pena
|
0-0: Swinging Strike 0-1: DOUBLE (Line Drive, 9LS, EV 106.2 MPH)
|
|
Batting: LHB Mike Roberts
|
0-0: SINGLE (Groundball, 34D, EV 91.2 MPH) (infield hit) Frank Pena to third
|
|
Batting: LHB Oscar Tamayo
|
0-0: Called Strike 0-1: Ball 1-1: Called Strike 1-2: Foul Ball, location: 2F 1-2: Foul Ball, location: 2F 1-2: Strikes out looking
|
|
Batting: RHB Matt Shepard
|
0-0: Ground out 4-3 (Groundball, 4S, EV 68.1 MPH)
|
| Bottom of the 1st over - 0 runs, 2 hits, 0 errors, 2 left on base; Mississippi 0 - San Jose 0 |
| TOP OF THE 2ND |
|
Mississippi Braves batting - Pitching for San Jose Giants : LHP Jordan Ruiz
|
|
Batting: RHB Justin Reich
|
0-0: Called Strike 0-1: Ball 1-1: Swinging Strike 1-2: Strikes out looking
|
|
Batting: RHB Yojiro Hayashi
|
0-0: Called Strike 0-1: Ball 1-1: DOUBLE (Line Drive, 7LM, EV 101.2 MPH)
|
|
Batting: RHB Alex Velasquez
|
0-0: Ball Yojiro Hayashi steals 3rd base 1-0: Hit by Pitch
|
|
Batting: LHB Luis Cruz
|
0-0: Called Strike 0-1: Swinging Strike 0-2: Ball 1-2: Strikes out swinging
|
|
Batting: RHB Hieronim Rutkowski
|
0-0: Ball 1-0: Ball 2-0: Ball 3-0: Base on Balls Alex Velasquez to second
|
|
Batting: LHB Sal Fernandez
|
0-0: Ball 1-0: Ball 2-0: Ball 3-0: Called Strike 3-1: Ground out U3 (Groundball, 3, EV 87.5 MPH)
|
| Top of the 2nd over - 0 runs, 1 hit, 0 errors, 3 left on base; Mississippi 0 - San Jose 0 |
| BOTTOM OF THE 2ND |
|
San Jose Giants batting - Pitching for Mississippi Braves : RHP Andy Kiefer
|
|
Batting: RHB Zach Maguire
|
0-0: Foul Ball, location: 2F 0-1: Foul Ball, location: 2F 0-2: Ball 1-2: Ball 2-2: Ball 3-2: Strikes out looking
|
|
Batting: RHB Tony Harper
|
0-0: Foul Ball, location: 2F 0-1: Ball 1-1: Fly out, F9 (Flyball, 9D, EV 94.4 MPH)
|
|
Batting: LHB Chris West
|
0-0: Ball 1-0: Ball 2-0: Called Strike 2-1: Ground out U3 (Groundball, 23, EV 83.1 MPH)
|
| Bottom of the 2nd over - 0 runs, 0 hits, 0 errors, 0 left on base; Mississippi 0 - San Jose 0 |
| TOP OF THE 3RD |
|
Mississippi Braves batting - Pitching for San Jose Giants : LHP Jordan Ruiz
|
|
Batting: LHB Art D'Ascenzo
|
0-0: Ball 1-0: Ball 2-0: Called Strike 2-1: Foul Ball, location: 2F 2-2: Strikes out swinging
|
|
Batting: RHB Jose Ramos
|
0-0: Swinging Strike 0-1: Ball 1-1: Called Strike 1-2: Ball 2-2: Ground out 5-3 (Groundball, 5, EV 88.8 MPH)
|
|
Batting: RHB Tim Molchan
|
0-0: Ball 1-0: Ball 2-0: Called Strike 2-1: Ball 3-1: Foul Ball, location: 2F 3-2: DOUBLE (Flyball, 89D, EV 95.6 MPH)
|
|
Batting: RHB Justin Reich
|
0-0: Ball 1-0: Ball 2-0: Swinging Strike 2-1: Foul Ball, location: 2F 2-2: Strikes out swinging
|
| Top of the 3rd over - 0 runs, 1 hit, 0 errors, 1 left on base; Mississippi 0 - San Jose 0 |
| BOTTOM OF THE 3RD |
|
San Jose Giants batting - Pitching for Mississippi Braves : RHP Andy Kiefer
|
|
Batting: RHB Bob Schweiger
|
0-0: Ball 1-0: Ball 2-0: Foul Ball, location: 2F 2-1: Ball 3-1: Called Strike 3-2: Strikes out swinging
|
|
Batting: RHB Ryan Roberts
|
0-0: SINGLE (Groundball, 3D, EV 97.5 MPH)
|
|
Batting: RHB Frank Pena
|
0-0: Ball 1-0: DOUBLE (Line Drive, 78M, EV 95.0 MPH) Ryan Roberts to third
|
|
Batting: LHB Mike Roberts
|
0-0: Ball 1-0: Ball 2-0: Called Strike 2-1: Fly out, F1 (Line Drive, P, EV 75.0 MPH)
|
|
Batting: LHB Oscar Tamayo
|
0-0: Ball 1-0: Ball 2-0: Ball 3-0: Foul Ball, location: 2F 3-1: Foul Ball, location: 2F 3-2: Fly out, F7 (Flyball, 7S, EV 91.9 MPH)
|
| Bottom of the 3rd over - 0 runs, 2 hits, 0 errors, 2 left on base; Mississippi 0 - San Jose 0 |
| TOP OF THE 4TH |
|
Mississippi Braves batting - Pitching for San Jose Giants : LHP Jordan Ruiz
|
|
Batting: RHB Yojiro Hayashi
|
0-0: Called Strike 0-1: Ball 1-1: Ball 2-1: Ball 3-1: SINGLE (Groundball, 6S, EV 68.1 MPH) (infield hit)
|
|
Batting: RHB Alex Velasquez
|
0-0: Ball 1-0: Swinging Strike 1-1: Reached on error, E1 (Groundball, 13S, EV 71.9 MPH) Yojiro Hayashi to second
|
|
Batting: LHB Luis Cruz
|
0-0: Ball 1-0: Called Strike Yojiro Hayashi is caught stealing 3rd base 2-5 Alex Velasquez to second 1-1: Ball 2-1: Ball 3-1: Ground out 6-3 (Groundball, 6, EV 87.5 MPH) Alex Velasquez to third
|
|
Batting: RHB Hieronim Rutkowski
|
0-0: Ball Wild Pitch! Alex Velasquez scores 1-0: Called Strike 1-1: Ball 2-1: Ball 3-1: Fly out, F4 (Popup, 4, EV 80.6 MPH)
|
| Top of the 4th over - 1 run, 1 hit, 1 error, 0 left on base; Mississippi 1 - San Jose 0 |
| BOTTOM OF THE 4TH |
|
San Jose Giants batting - Pitching for Mississippi Braves : RHP Andy Kiefer
|
|
Batting: RHB Matt Shepard
|
0-0: Ball 1-0: Ball 2-0: Ball 3-0: Swinging Strike 3-1: Swinging Strike 3-2: Strikes out looking
|
|
Batting: RHB Zach Maguire
|
0-0: Ball 1-0: Fly out, F7 (Flyball, 7LS, EV 90.0 MPH)
|
|
Batting: RHB Tony Harper
|
0-0: Called Strike 0-1: Foul Ball, location: 2F 0-2: Ball 1-2: Ball 2-2: Strikes out swinging
|
| Bottom of the 4th over - 0 runs, 0 hits, 0 errors, 0 left on base; Mississippi 1 - San Jose 0 |
| TOP OF THE 5TH |
|
Mississippi Braves batting - Pitching for San Jose Giants : LHP Jordan Ruiz
|
|
Batting: LHB Sal Fernandez
|
0-0: Ball 1-0: Swinging Strike 1-1: Called Strike 1-2: Ball 2-2: Fly out, F6 (Popup, 6D, EV 59.4 MPH)
|
|
Pitching: RHP Brian Yinger
|
|
|
Batting: LHB Art D'Ascenzo
|
0-0: Ball 1-0: Ball 2-0: Ball 3-0: Base on Balls
|
|
Batting: RHB Jose Ramos
|
0-0: Ball 1-0: 2-RUN HOME RUN (Flyball, 78XD, EV 103.8 MPH), Distance : 411 ft
|
|
Batting: RHB Tim Molchan
|
0-0: Called Strike 0-1: Ball 1-1: Fly out, F7 (Flyball, 78S, EV 88.1 MPH)
|
|
Batting: RHB Justin Reich
|
0-0: Ball 1-0: Ball 2-0: Called Strike 2-1: Foul Ball, location: 2F 2-2: Strikes out swinging
|
| Top of the 5th over - 2 runs, 1 hit, 0 errors, 0 left on base; Mississippi 3 - San Jose 0 |
| BOTTOM OF THE 5TH |
|
San Jose Giants batting - Pitching for Mississippi Braves : RHP Andy Kiefer
|
|
Batting: LHB Chris West
|
0-0: Called Strike 0-1: Reached on error, E4 (Groundball, 4S, EV 81.2 MPH)
|
|
Batting: RHB Bob Schweiger
|
0-0: Ball Chris West is caught stealing 3rd base 2-5 1-0: DOUBLE (Groundball, 5L, EV 106.9 MPH)
|
|
Batting: RHB Ryan Roberts
|
0-0: Called Strike 0-1: Foul Ball, location: 2F 0-2: Strikes out swinging
|
|
Batting: RHB Frank Pena
|
0-0: Ball 1-0: Ball 2-0: Ball 3-0: Called Strike 3-1: Base on Balls
|
|
Batting: LHB Mike Roberts
|
0-0: Foul Ball, location: 2F 0-1: Ground out 4-3 (Groundball, 4, EV 99.4 MPH)
|
| Bottom of the 5th over - 0 runs, 1 hit, 1 error, 2 left on base; Mississippi 3 - San Jose 0 |
| TOP OF THE 6TH |
|
Mississippi Braves batting - Pitching for San Jose Giants : RHP Brian Yinger
|
|
Batting: RHB Yojiro Hayashi
|
0-0: Called Strike 0-1: Foul Ball, location: 2F 0-2: Ball 1-2: Ball 2-2: Foul Ball, location: 2F 2-2: Foul Ball, location: 2F 2-2: Ball 3-2: Strikes out swinging
|
|
Batting: RHB Alex Velasquez
|
0-0: Ball 1-0: Ball 2-0: Ball 3-0: Called Strike 3-1: Called Strike 3-2: Strikes out looking
|
|
Batting: LHB Luis Cruz
|
0-0: Called Strike 0-1: Swinging Strike 0-2: Foul Ball, location: 2F 0-2: Ball 1-2: Ball 2-2: Ground out 1-3 (Groundball, 25, EV 71.9 MPH)
|
| Top of the 6th over - 0 runs, 0 hits, 0 errors, 0 left on base; Mississippi 3 - San Jose 0 |
| BOTTOM OF THE 6TH |
|
San Jose Giants batting - Pitching for Mississippi Braves : RHP Andy Kiefer
|
|
Batting: LHB Oscar Tamayo
|
0-0: Ball 1-0: Ball 2-0: Foul Ball, location: 2F 2-1: Ball 3-1: Foul Ball, location: 2F 3-2: Base on Balls
|
|
Pitching: RHP Gordon Cushing
|
|
|
Batting: RHB Matt Shepard
|
0-0: Grounds into double play, U3-6 (Groundball, 3L, EV 100.0 MPH)
|
|
Batting: RHB Zach Maguire
|
0-0: SINGLE (Groundball, 4M, EV 95.0 MPH)
|
|
Batting: RHB Tony Harper
|
0-0: Fly out, F4 (Popup, 4M, EV 58.1 MPH)
|
| Bottom of the 6th over - 0 runs, 1 hit, 0 errors, 1 left on base; Mississippi 3 - San Jose 0 |
| TOP OF THE 7TH |
|
Mississippi Braves batting - Pitching for San Jose Giants : RHP Brian Yinger
|
|
Pitching: RHP Ricky Fo
|
|
|
Batting: RHB Hieronim Rutkowski
|
0-0: Ball 1-0: Called Strike 1-1: Ball 2-1: Ball 3-1: SINGLE (Groundball, 56, EV 111.2 MPH)
|
|
Batting: LHB Sal Fernandez
|
0-0: Called Strike Hieronim Rutkowski steals 2nd base 0-1: Ball 1-1: Foul Ball, location: 2F 1-2: Ball 2-2: Strikes out swinging
|
|
Batting: LHB Art D'Ascenzo
|
0-0: Intentional Walk
|
|
Batting: RHB Jose Ramos
|
0-0: Foul Ball, location: 2F 0-1: Ball 1-1: Grounds into double play, 6-4-3 (Groundball, 6, EV 87.5 MPH)
|
| Top of the 7th over - 0 runs, 1 hit, 0 errors, 1 left on base; Mississippi 3 - San Jose 0 |
| BOTTOM OF THE 7TH |
|
San Jose Giants batting - Pitching for Mississippi Braves : RHP Gordon Cushing
|
|
Now at 1B: Hieronim Rutkowski
|
|
|
Now at 3B: Adrian Billups
|
|
|
Now in CF: Jose Melendez
|
|
|
Batting: LHB Chris West
|
0-0: Ball 1-0: Ball 2-0: Called Strike 2-1: SINGLE (Groundball, 34D, EV 103.8 MPH)
|
|
Batting: RHB Bob Schweiger
|
0-0: Ball Chris West is caught stealing 2nd base 2-4 1-0: Swinging Strike 1-1: Ball 2-1: Fly out, F9 (Flyball, 9S, EV 91.2 MPH)
|
|
Batting: RHB Ryan Roberts
|
0-0: Fly out, F8 (Flyball, 89D, EV 103.1 MPH)
|
| Bottom of the 7th over - 0 runs, 1 hit, 0 errors, 0 left on base; Mississippi 3 - San Jose 0 |
| TOP OF THE 8TH |
|
Mississippi Braves batting - Pitching for San Jose Giants : RHP Ricky Fo
|
|
Pitching: RHP Nick McDade
|
|
|
Batting: RHB Tim Molchan
|
0-0: Ball 1-0: Called Strike 1-1: SINGLE (Groundball, 56S, EV 70.0 MPH) (infield hit)
|
|
Batting: RHB Justin Reich
|
0-0: Ball 1-0: Sac Bunt to 13S - play at first, batter OUT! 1-3 Tim Molchan to second
|
|
Batting: RHB Yojiro Hayashi
|
0-0: Intentional Walk
|
|
Batting: RHB Alex Velasquez
|
0-0: Called Strike 0-1: Ball 1-1: Ball 2-1: Ball 3-1: Base on Balls Tim Molchan to third Yojiro Hayashi to second
|
|
Batting: LHB Luis Cruz
|
0-0: Foul Ball, location: 2F 0-1: Foul Ball, location: 2F 0-2: Grounds into fielders choice 4-2 (Groundball, 4, EV 103.8 MPH) Yojiro Hayashi to third Alex Velasquez to second
|
|
Batting: RHB Hieronim Rutkowski
|
0-0: Ball 1-0: Ball 2-0: Ball 3-0: Base on Balls Yojiro Hayashi scores Alex Velasquez to third Luis Cruz to second
|
|
Batting: SHB Jose Melendez
|
0-0: Foul Ball, location: 2F 0-1: Ball 1-1: Ball 2-1: Foul Ball, location: 2F 2-2: Ground out 6-3 (Groundball, 6S, EV 90.6 MPH)
|
| Top of the 8th over - 1 run, 1 hit, 0 errors, 3 left on base; Mississippi 4 - San Jose 0 |
| BOTTOM OF THE 8TH |
|
San Jose Giants batting - Pitching for Mississippi Braves : RHP Gordon Cushing
|
|
Batting: RHB Frank Pena
|
0-0: Ball 1-0: Ball 2-0: Ball 3-0: Called Strike 3-1: Called Strike 3-2: Strikes out looking
|
|
Batting: LHB Mike Roberts
|
0-0: Foul Ball, location: 2F 0-1: Ball 1-1: Foul Ball, location: 2F 1-2: Foul Ball, location: 2F 1-2: Foul Ball, location: 2F 1-2: Ball 2-2: SINGLE (Groundball, 56D, EV 106.9 MPH)
|
|
Batting: LHB Oscar Tamayo
|
0-0: Called Strike 0-1: Foul Ball, location: 2F 0-2: Strikes out swinging
|
|
Batting: RHB Matt Shepard
|
0-0: Called Strike 0-1: Ball 1-1: Ball 2-1: Called Strike 2-2: Strikes out swinging
|
| Bottom of the 8th over - 0 runs, 1 hit, 0 errors, 1 left on base; Mississippi 4 - San Jose 0 |
| TOP OF THE 9TH |
|
Mississippi Braves batting - Pitching for San Jose Giants : RHP Nick McDade
|
|
Pitching: RHP Hiroaki Yazawa
|
|
|
Batting: LHB Art D'Ascenzo
|
0-0: Called Strike 0-1: Ball 1-1: Foul Ball, location: 2F 1-2: Ball 2-2: Ball 3-2: Foul Ball, location: 2F 3-2: Foul Ball, location: 2F 3-2: Foul Ball, location: 2F 3-2: Foul Ball, location: 2F 3-2: Foul Ball, location: 2F 3-2: Ground out U3 (Groundball, 3, EV 85.6 MPH)
|
|
Batting: RHB Adrian Billups
|
0-0: Ball 1-0: Swinging Strike 1-1: Ball 2-1: Fly out, F4 (Line Drive, 4D, EV 72.5 MPH)
|
|
Batting: RHB Tim Molchan
|
0-0: Ball 1-0: Foul Ball, location: 2F 1-1: Ground out 6-3 (Groundball, 6S, EV 63.8 MPH)
|
| Top of the 9th over - 0 runs, 0 hits, 0 errors, 0 left on base; Mississippi 4 - San Jose 0 |
| BOTTOM OF THE 9TH |
|
San Jose Giants batting - Pitching for Mississippi Braves : RHP Gordon Cushing
|
|
Pitching: RHP Omar Orosco
|
|
|
Batting: RHB Zach Maguire
|
0-0: SINGLE (Line Drive, 34, EV 98.1 MPH)
|
|
Batting: RHB Tony Harper
|
0-0: Ball Passed Ball! Zach Maguire to second 1-0: Ball 2-0: Fly out, F8 (Line Drive, 8RM, EV 101.2 MPH)
|
|
Batting: LHB Chris West
|
0-0: Ball 1-0: Fly out, F8 (Flyball, 78M, EV 83.1 MPH)
|
|
Batting: RHB Bob Schweiger
|
0-0: Fly out, F9 (Flyball, 9, EV 86.9 MPH)
|
| Bottom of the 9th over - 0 runs, 1 hit, 0 errors, 1 left on base; Mississippi 4 - San Jose 0 |
|